 Dungeon Crawl Stone Soup version 0.27.0-1-g7a08968 (webtiles) character file.

Game seed: 12457221465861756761

164 GodsMustBeCrazy the Skirmisher (level 5, -2/35 HPs)
             Began as a Gargoyle Fighter on Aug 6, 2021.
             Slain by a gnoll (5 damage)
             ... on level 3 of the Dungeon on Aug 7, 2021.
             The game lasted 00:06:59 (2246 turns).

GodsMustBeCrazy the Skirmisher (Gargoyle Fighter)   Turns: 2246, Time: 00:07:00

Health: -2/35      AC: 12    Str: 21    XL:     5   Next: 45%
Magic:  5/5        EV:  7    Int:  8    God:
Gold:   62         SH:  9    Dex:  9    Spells: 4/4 levels left

rFire    . . .     SeeInvis .   e - +2 dagger (drain)
rCold    . . .     Faith    .   c - +0 kite shield
rNeg     + . .     Spirit   .   b - +0 scale mail
rPois    ∞         Reflect  .   (no helmet)
rElec    +         Harm     .   (no cloak)
rCorr    .         Rampage  .   j - +0 pair of gloves
Will     .....                  (no boots)
Stlth    ..........             (no amulet)
HPRegen  0.11/turn              (no ring)
MPRegen  0.09/turn              (no ring)

@: no status effects
A: sickness immunity, AC +4, negative energy resistance 1, electricity
resistance, torment resistance 1, petrification resistance
a: no special abilities


You were on level 3 of the Dungeon.
You visited 1 branch of the dungeon, and saw 3 of its levels.

You collected 62 gold pieces.

Inventory:

Hand Weapons
 a - a +0 war axe
 e - a +2 dagger of draining (weapon)
Armour
 b - a +0 scale mail (worn)
 c - a +0 kite shield (worn)
 j - a +0 pair of gloves (worn)
Wands
 o - a wand of acid (7)
Scrolls
 g - a scroll of summoning {unknown}
 h - 2 scrolls of identify {unknown}
 m - a scroll of noise {unknown}
 n - a scroll of acquirement {unknown}
 p - a scroll of vulnerability {unknown}
 q - 2 scrolls of fear {unknown}
Potions
 d - a potion of might
 f - a potion of heal wounds {unknown}
 k - a potion of degeneration {unknown}
 l - a potion of lignification {unknown}


   Skills:
 + Level 5.5 Fighting
 - Level 1.7 Axes
 + Level 4.0 Armour
 + Level 4.1 Shields


You had 4 spell levels left.
You didn't know any spells.
Your spell library contained the following spells:

 Spells                   Type           Power      Damage    Failure   Level
 Call Canine Familiar     Summ           0%         N/A       100%        3
 Portal Projectile        Hex/Tloc       0%         N/A       100%        3
 Leda's Liquefaction      Hex/Erth       0%         N/A       100%        4


Dungeon Overview and Level Annotations

Branches:
Dungeon (3/15)

Altars:
Wu Jian


Innate Abilities, Weirdness & Mutations

You are immune to sickness and miasma.
Your stone body is resilient. (AC +4)
You are immune to poison.
You resist negative energy. (rN+)
You are resistant to electric shocks. (rElec)
You are resistant to unholy torment.
You are immune to petrification.


Message History

The gnoll hits you but does no damage. x2
You hit the gnoll.
You kill the gnoll!
The gnoll hits you but does no damage. The ball python barely misses you.
The ball python grabs you. The ball python constricts you.
The gnoll hits you from afar with a +0 spear.
You hit the ball python.
The ball python is severely wounded.
You block the ball python's attack. The ball python constricts you.
The gnoll hits you but does no damage.
The ball python bites you but does no damage.
The ball python constricts you.
You hit the ball python.
You kill the ball python!
The gnoll hits you but does no damage.
You see here a +0 club.
You hit the gnoll but do no damage. You drain the gnoll.
The gnoll is lightly wounded.
The gnoll hits you with a +0 spear.
* * * LOW HITPOINT WARNING * * *
You block the gnoll's attack. You block the gnoll's attack.
You completely miss the gnoll.
The gnoll hits you from afar with a +0 spear.
* * * LOW HITPOINT WARNING * * *
You block the gnoll's attack. The gnoll closely misses you.
You hit the gnoll.
The gnoll is moderately wounded.
The gnoll hits you with a +0 flail.
* * * LOW HITPOINT WARNING * * *
The gnoll completely misses you.
You hit the gnoll.
The gnoll is severely wounded.
The gnoll hits you with a +0 flail.
* * * LOW HITPOINT WARNING * * *
The gnoll completely misses you.
You closely miss the gnoll.
The gnoll is severely wounded.
The gnoll hits you with a +0 flail.
You die... ## ### ###P♣♣♣♣P♣ .. ♣♣PPPPP...P

#.# #♣♣PPPPP..... #.#
#PPP..#......
#.########♣#...#...§.÷
#.#gg@...#♣.P..#...... ##########
#.#.######♣♣P.P.......
.........###.#)#### #♣PPPPP≈..#
###.###......#.)..######♣##♣♣♣♣P♣
.....##......##.......###########
.....##.......>.............#..^.
...................<........'....
.........#####..†...........#....
..##.###### #..............#....


You could see 2 gnolls.

Vanquished Creatures
  6 gnolls
  3 adders
  A worm (D:2)
  3 dart slugs (D:1)
  5 ball pythons
  2 bats
  3 endoplasms
  6 giant cockroaches
  5 goblins
  6 hobgoblins
  2 jackals (D:2)
  15 kobolds
  A quokka (D:3)
  3 frilled lizards
  10 rats
71 creatures vanquished.

Vanquished Creatures (others)
  5 plants (D:3)
5 creatures vanquished.

Grand Total: 76 creatures vanquished

Notes
Turn   | Place    | Note
-------+----------+-------------------------------------------
     0 | D:1      | GodsMustBeCrazy the Gargoyle Fighter began the quest for
                  | the Orb.
     0 | D:1      | Reached XP level 1. HP: 14/14 MP: 1/1
    30 | D:1      | Reached skill level 4 in Fighting
    30 | D:1      | Reached XP level 2. HP: 13/20 MP: 2/2
   378 | D:1      | Reached XP level 3. HP: 4/24 MP: 3/3
   818 | D:1      | Reached skill level 5 in Fighting
  1156 | D:2      | Reached XP level 4. HP: 31/31 MP: 4/4
  1675 | D:3      | Found an ornate altar of the Wu Jian Council.
  1995 | D:3      | Reached XP level 5. HP: 19/35 MP: 5/5
  2191 | D:3      | Found a faded altar of an unknown god.
  2225 | D:3      | HP: 1/35 [gnoll (4)]
  2246 | D:3      | Slain by a gnoll

Illustrated notes

Levels and vault maps discovered:
D:1:      amcnicky_arrival_double_pillar, layout_basic
D:2:      layout_basic
D:3:      layout_basic, nicolae_overflow_hidden_temple,
          dreamdust_ecumenical_altar_statues, kennysheep_small_spiral,
          lexackson_kobold_supper, uniq_robin

Skill      XL: |  1  2  3  4  5 |
---------------+----------------+-----
Fighting       | 4 5 |  5.5
Armour         | 4 |  4.0
Shields        | 4 |  4.1
Axes           | |  1.7

Action                   |  1- 3 |  4- 6 || total
-------------------------+-------+-------++-------
Melee: War axe           |    22 |       ||    22
       Dagger            |    66 |   143 ||   209
  Use: Potion            |       |     2 ||     2
Armor: Scale mail        |    50 |    74 ||   124
Dodge: Dodged            |    25 |    57 ||    82
Block: Kite shield       |    46 |    76 ||   122
